 Dungeon Crawl Stone Soup version 0.21.1-1-g345015f (webtiles) character file.

176 goulibeur the Distorting Demonspawn (level 5, -1/42 HPs)
             Began as a Demonspawn Abyssal Knight on July 16, 2018.
             Was a Believer of Lugonu.
             Succumbed to a big kobold's poison
             ... on level 3 of the Dungeon.
             The game lasted 00:07:10 (3139 turns).

goulibeur the Distorting Demonspawn (DsAK)          Turns: 3139, Time: 00:07:10

Health: -1/42      AC:  8    Str: 12    XL:     5   Next: 30%
Magic:  8/8        EV: 11    Int: 14    God:    Lugonu [**....]
Gold:   107        SH:  0    Dex: 13    Spells: 4/4 levels left

rFire    . . .     SeeInvis .   a - +1 short sword
rCold    . . .     Gourm    .   (no shield)
rNeg     . . .     Faith    .   p - +0 ring mail
rPois    .         Spirit   .   (helmet restricted)
rElec    .         Reflect  .   (no cloak)
rCorr    .         Harm     .   (no gloves)
MR       .....                  (no boots)
Stlth    +.........             (no amulet)
HPRegen  0.14/turn              (no ring)
MPRegen  0.11/turn              (no ring)

@: lethally poisoned (-1 -> -31)
A: antennae 2, molten scales 2
a: Depart the Abyss, Bend Space, Renounce Religion


You were on level 3 of the Dungeon.
You worshipped Lugonu.
Lugonu was pleased with you.
You were not hungry.

You visited 1 branch of the dungeon, and saw 3 of its levels.
You visited the Abyss 1 time.

You collected 107 gold pieces.

Inventory:

Hand Weapons
 a - a +1 short sword (weapon)
Armour
 b - a +0 leather armour
 g - a +0 helmet
 p - a +0 ring mail (worn)
 q - a +0 shield
Wands
 r - a wand of acid (5)
Scrolls
 f - 3 scrolls of fog {unknown}
 h - a scroll of remove curse {unknown}
 k - a scroll of magic mapping {unknown}
 o - a scroll of identify {unknown}
Potions
 d - a potion of curing {unknown}
 e - a potion of lignification {unknown}
 i - a potion of haste {unknown}
 j - a potion of invisibility {unknown}
 m - a potion of flight {unknown}
 n - a potion of brilliance {unknown}
Comestibles
 c - 8 rations
 l - 3 chunks of flesh


   Skills:
 + Level 3.7 Fighting
 - Level 1.7 Short Blades
 + Level 2.7 Armour
 + Level 2.1 Dodging
 + Level 0.1 Shields
 * Level 5.0 Invocations


You had 4 spell levels left.
You didn't know any spells.

Dungeon Overview and Level Annotations

Branches:
Dungeon (3/15)

Altars:
Okawaru


Innate Abilities, Weirdness & Mutations

You have a pair of antennae on your head.
You are mostly covered in molten scales. (AC +3)


Message History

a dagger; a kobold corpse
* * * LOW HITPOINT WARNING * * *
You feel sick.
* * * LOW HITPOINT WARNING * * *
You feel sick.
* * * LOW HITPOINT WARNING * * *
You feel sick.
* * * LOW HITPOINT WARNING * * *
You feel sick.
The big kobold hits you but does no damage.
You are more poisoned.
* * * LOW HITPOINT WARNING * * *
You feel sick.
The big kobold hits you but does no damage.
You are more poisoned.
* * * LOW HITPOINT WARNING * * *
You feel sick.
The big kobold hits you but does no damage.
You are more poisoned.
You die...

#.......# ##.##
#.####..# #.# ###..# #.#
#....# ##'## # #.##>#
##...## #.##.##.#
##.....## #.......#
##.......##
####....####.........#..
#.._@Kro))........'..
#....####.........###
#.#.## ##.......## #.###
##.....## #.# ##...## #.
##'## #.# #..


You could see a big kobold, an orc and a rat.

Vanquished Creatures
  A crimson imp (D:2)
  7 adders
  2 worms (D:2)
  3 dart slugs
  3 leopard geckos (D:1)
  4 orcs (D:3)
  7 bats
  8 giant cockroaches
  5 goblins
  5 hobgoblins
  2 jackals (D:2)
  8 kobolds
  2 frilled lizards (D:2)
  2 rats
59 creatures vanquished.

Notes
Turn   | Place    | Note
-------+----------+-------------------------------------------
     0 | Abyss:1  | goulibeur the Demonspawn Abyssal Knight began the quest for the Orb.
     0 | Abyss:1  | Reached XP level 1. HP: 18/18 MP: 2/2
    43 | Abyss:1  | Noticed an ice devil
    44 | D:1      | Escaped the Abyss
    87 | D:1      | Reached skill level 1 in Dodging
    94 | D:1      | Reached * piety under Lugonu
   119 | D:1      | Gained mutation: You are partially covered in molten scales. (AC +2) [demonic ancestry]
   119 | D:1      | Reached XP level 2. HP: 2/24 MP: 4/4
   420 | D:1      | Reached skill level 3 in Invocations
   961 | D:2      | Noticed a crimson imp
   987 | D:2      | Killed a crimson imp
   987 | D:2      | Gained mutation: You are mostly covered in molten scales. (AC +3) [demonic ancestry]
   987 | D:2      | Reached XP level 3. HP: 20/29 MP: 5/5
  1135 | D:2      | Reached skill level 4 in Invocations
  1157 | D:2      | Gained mutation: You have a pair of small antennae on your head. [demonic ancestry]
  1157 | D:2      | Reached XP level 4. HP: 35/35 MP: 7/7
  2598 | D:2      | Gained mutation: You have a pair of antennae on your head. [demonic ancestry]
  2598 | D:2      | Reached XP level 5. HP: 42/42 MP: 8/8
  2677 | D:3      | Reached ** piety under Lugonu
  2908 | D:3      | Found an iron altar of Okawaru.
  3065 | D:3      | Reached skill level 5 in Invocations
  3138 | D:3      | HP: 2/42 [poisoned by a big kobold]
  3139 | D:3      | Succumbed to a big kobold's poison

Skill      XL: |  1  2  3  4  5 |
---------------+----------------+-----
Dodging        | 1 2 |  2.1
Invocations    | 3 4 5 |  5.0
Armour         | 2 |  2.7
Fighting       | |  3.7
Short Blades   | |  1.7
Shields        | |  0.1

Action                   |  1- 3 |  4- 6 || total
-------------------------+-------+-------++-------
Melee: Short sword       |   112 |   192 ||   304
Invok: Depart the Abyss  |     1 |       ||     1
  Eat: Chunk             |     1 |     6 ||     7
Armor: Leather armour    |    38 |    11 ||    49
       Ring mail         |       |    58 ||    58
Dodge: Dodged            |    71 |   117 ||   188
